 Dungeon Crawl Stone Soup version 0.29.1-15-g9cfb28693d (webtiles) character file.

Game seed: 4372352855563629036

227 tizbic2 the Agent of Entropy (level 6, -1/48 HPs)
             Began as a Formicid Abyssal Knight on Apr 27, 2023.
             Was a Priest of Lugonu.
             Slain by a spatial vortex (5 damage)
             ... summoned by a spatial maelstrom
             ... summoned by Lugonu's corruption
             ... on level 4 of the Dungeon.
             The game lasted 00:09:26 (2861 turns).

tizbic2 the Agent of Entropy (FoAK)                 Turns: 2861, Time: 00:09:26

Health: -1/48      AC:  5    Str: 20    XL:     6   Next: 22%
Magic:  3/9        EV: 10    Int:  9    God:    Lugonu [***...]
Gold:   93         SH:  0    Dex: 14    Spells: 5/5 levels left

rFire   . . .      SeeInvis +   a - +1 mace (venom)
rCold   . . .      Faith    .   (no shield)
rNeg    . . .      Spirit   .   l - +0 ring mail
rPois   .          Reflect  .   (helmet unavailable)
rElec   .          Harm     .   (no cloak)
rCorr   .          Rampage  .   (no gloves)
Will    .....                   (no boots)
Stlth   +.........              (no amulet)
HPRegen 0.16/turn               (no ring)
MPRegen 0.11/turn               (no ring)

@: no status effects
A: permanent stasis, dig shafts and tunnels, antennae 3, four strong arms
a: Dig, Shaft Self, Renounce Religion, Depart the Abyss, Bend Space, Banish


You were on level 4 of the Dungeon.
You worshipped Lugonu.
Lugonu was most pleased with you.
You visited 1 branch of the dungeon, and saw 4 of its levels.
You visited the Abyss 1 time.

You collected 93 gold pieces.

Inventory:

Hand Weapons
 a - a +1 mace of venom (weapon)
 n - a +0 vorpal flail
 p - a +0 giant club
Missiles
 f - 2 javelins
Armour
 l - a +0 ring mail (worn)
Scrolls
 c - a scroll of identify
 e - a scroll of brand weapon
 h - a scroll of amnesia {unknown}
 i - a scroll of silence {unknown}
 j - a scroll of summoning
 k - a scroll of enchant weapon {unknown}
Potions
 b - a potion of cancellation {unknown}
 d - a potion of lignification {unknown}
 g - a potion of heal wounds
 m - a potion of attraction {unknown}
 o - a potion of invisibility {unknown}


   Skills:
 + Level 4.1 Fighting
 * Level 3.8 Maces & Flails
 + Level 3.3 Armour
 - Level 0.8 Dodging
 * Level 4.3 Invocations


You had 5 spell levels left.
You didn't know any spells.
Your spell library contained the following spells:

 Spells                   Type           Power      Damage    Failure   Level
 Magic Dart               Conj           0%         1d3       54%         1
 Searing Ray              Conj           0%         2d4       69%         2
 Fulminant Prism          Conj/Hex       0%         3d6       100%        4


Dungeon Overview and Level Annotations

Branches:
Dungeon (4/15)
 Temple: D:4-7

Altars:
Wu Jian
Zin

Shops:
D:1 *   D:3 [

Annotations:
D:4 corrupted


Innate Abilities, Weirdness & Mutations

You cannot be hasted, slowed, berserked, paralysed or teleported.
You can dig through walls and to a lower floor.
You have a pair of large antennae on your head. (SInv)
Your four strong arms can wield two-handed weapons with a shield.


Message History

Things that are here:
a +0 club; an orc corpse
Found a +0 dagger.
The orc hits the small abomination but does no damage.
The small abomination hits the orc but does no damage.
The starcursed mass touches something!
Things that are here:
a +0 hand axe; a +0 scale mail The small abomination barely misses the orc.
A starcursed mass splits.
The large abomination hits the orc!!
The orc dies!
The large abomination hits you but does no damage.
A spatial vortex comes into view.
Found a curved iron wand.
The large abomination hits you!!
Ouch! That really hurt!
* * * LOW HITPOINT WARNING * * *
The small abomination hits you but does no damage.
The smoke demon is engulfed in blazing flames.
The large abomination is engulfed in blazing flames.
A spatial vortex comes into view.
A spatial vortex comes into view.
The spatial vortex moves out of view.
A spatial vortex comes into view.
The small abomination is engulfed in blazing flames.
A spatial vortex comes into view.
The small abomination hits you!
* * * LOW HITPOINT WARNING * * *
The small abomination is engulfed in blazing flames. x2 2 spatial vortices come into view.
It was a potion of heal wounds.
You feel much better.
A spatial vortex comes into view.
A spatial vortex comes into view.
The starcursed mass touches you.
* * * LOW HITPOINT WARNING * * *
The spatial vortex moves out of view.
A spatial vortex comes into view.
The spatial vortex hits you!
* * * LOW HITPOINT WARNING * * *
Space warps around you.
You die...

####..#v#...###.{.#
#.. #.#.X{{..#.
.....#....# #x .##.
vv.X.)# .# #
#{{{..X.)###.# {
..v#.xv..###
#.5..v.x3#.#######
##.)#)W.#.../.....
.°v.v..XX.v@.####
..#)...#X.###..#
#....X#.#x.. .##
...#..{.##.#{ .#
....{{. #.##... #.#
## ... { ##


You could see 2 neutral starcursed masses, 4 neutral spatial vortices, 3 neutral
large abominations, a neutral freezing wraith (summoned, wandering), a neutral
smoke demon (summoned, wandering) and 2 neutral small abominations.

Vanquished Creatures
  An ogre (D:4)
  A hound (D:4)
  3 adders
  5 worms
  A dart slug (D:1)
  4 bats
  8 endoplasms
  2 giant cockroaches (D:1)
  7 goblins
  7 hobgoblins
  6 quokkas
  7 ball pythons
  3 frilled lizards
  3 kobolds
  2 rats (D:2)
60 creatures vanquished.

Vanquished Creatures (collateral kills)
  A dart slug (D:3)
1 creature vanquished.

Vanquished Creatures (others)
  An orc priest (D:4)
  An orc wizard (D:4)
  A dart slug (D:4)
  5 orcs (D:4)
  A goblin (D:4)
  A hobgoblin (D:4)
  4 plants (D:3)
14 creatures vanquished.

Grand Total: 75 creatures vanquished

Notes
Turn   | Place    | Note
-------+----------+-------------------------------------------
     0 | Abyss:1  | tizbic2 the Formicid Abyssal Knight began the quest for the
                  | Orb.
     0 | Abyss:1  | Reached XP level 1. HP: 18/18 MP: 2/2
     5 | D:1      | Escaped the Abyss
    28 | D:1      | Found Gudyadif's General Store.
   163 | D:1      | Reached XP level 2. HP: 14/24 MP: 1/3
   505 | D:1      | Reached XP level 3. HP: 27/29 MP: 5/5
   511 | D:1      | Reached *** piety under Lugonu
   669 | D:1      | Found a faded altar of an unknown god.
  1641 | D:2      | Reached XP level 4. HP: 36/36 MP: 6/6
  2156 | D:3      | Found Neunguj's Antique Armour Shoppe.
  2300 | D:3      | Found an ornate altar of the Wu Jian Council.
  2370 | D:3      | Found a glowing silver altar of Zin.
  2496 | D:3      | Reached XP level 5. HP: 36/42 MP: 7/7
  2828 | D:4      | Noticed an ogre
  2834 | D:4      | Killed an ogre
  2835 | D:4      | Reached XP level 6. HP: 48/48 MP: 7/9
  2840 | D:4      | Reached **** piety under Lugonu
  2846 | D:4      | Corrupted D:4
  2846 | D:4      | Noticed a large abomination
  2846 | D:4      | Noticed a large abomination
  2846 | D:4      | Noticed a large abomination
  2846 | D:4      | Noticed a large abomination
  2846 | D:4      | Noticed a small abomination
  2846 | D:4      | Noticed a raiju
  2846 | D:4      | Noticed a rakshasa
  2846 | D:4      | Noticed a large abomination
  2846 | D:4      | Noticed a small abomination
  2846 | D:4      | Noticed a raiju
  2846 | D:4      | Noticed a smoke demon
  2846 | D:4      | Noticed a large abomination
  2846 | D:4      | Noticed a large abomination
  2846 | D:4      | Noticed a small abomination
  2846 | D:4      | Noticed a small abomination
  2846 | D:4      | Noticed a freezing wraith
  2846 | D:4      | Noticed a smoke demon
  2847 | D:4      | Noticed a smoke demon
  2847 | D:4      | Noticed a ynoxinul
  2848 | D:4      | Noticed a starcursed mass
  2848 | D:4      | Noticed a small abomination
  2849 | D:4      | Noticed a spatial vortex
  2849 | D:4      | Noticed a starcursed mass
  2849 | D:4      | Noticed a large abomination
  2849 | D:4      | Noticed an efreet
  2850 | D:4      | Noticed a ynoxinul
  2851 | D:4      | Noticed a spatial vortex
  2854 | D:4      | Noticed a spatial maelstrom
  2855 | D:4      | Noticed a spatial vortex
  2855 | D:4      | Noticed a spatial vortex
  2856 | D:4      | Noticed a spatial vortex
  2856 | D:4      | Noticed a spatial vortex
  2856 | D:4      | HP: 2/48 [small abomination[Lugonu's corruption] (8)]
  2857 | D:4      | Noticed a spatial vortex
  2857 | D:4      | Noticed a spatial vortex
  2858 | D:4      | Noticed a spatial vortex
  2858 | D:4      | Noticed a spatial vortex
  2859 | D:4      | Noticed a spatial vortex
  2861 | D:4      | Slain by a spatial vortex

Illustrated notes

Levels and vault maps discovered:
D:1:      amcnicky_arrival_flooded_fountain, layout_loops_ring, serial_shops,
          nicolae_shop_statue_plus, shapermc_ecumenical_altar_mp_vishouse,
          st_stairs_9, minmay_misc_feat_doors, nrook_loot_triangle
D:2:      layout_basic
D:3:      layout_basic, mainiacjoe_overflow_concentric_impassable,
          lemuel_tele_altar, serial_shops, nicolae_shop_overgrown_old_shop,
          st_stairs_7
D:4:      layout_loops_ring, grunt_qazlal_clouds,
          minmay_temple_entry_statues_fountains

Skill      XL: |  1  2  3  4  5 |
---------------+----------------+-----
Invocations    | 3 4 |  4.3
Maces & Flails | 3 |  3.8
Armour         | 3 |  3.3
Fighting       | 4 |  4.1
Dodging        | |  0.8

Action                   |  1- 3 |  4- 6 || total
-------------------------+-------+-------++-------
Melee: Mace              |    84 |    81 ||   165
Invok: Bend Space        |     2 |     1 ||     3
       Corrupt           |       |     1 ||     1
 Abil: Dig               |       |     1 ||     1
  Use: Potion            |     2 |     1 ||     3
       Scroll            |       |     4 ||     4
Armor: Leather armour    |    17 |       ||    17
       Ring mail         |     1 |    33 ||    34
Dodge: Dodged            |    54 |    60 ||   114
